Unix NetHack Version 5.0.0-0 post-release - last build Jul 14 2026 02:55:29 (1809b74e8187c3a3585e283601c3028b46cbbdcb,branch:main).

Game began 2026-07-15 02:36:44, ended 2026-07-15 02:44:08.

Kwijibo4686, neutral female human Valkyrie

                                               ----
                                               |..--
                                             ---...|
                                     ........|.)..--
                                     .<......)G@)..
                                     .............

Kwijibo4686 the Skirmisher  St:18/01 Dx:16 Co:16 In:7 Wi:9 Ch:8  Neutral
Dlvl:4  $:62 HP:23(25) Pw:8(8) AC:5  Xp:3 T:1123 

Latest messages:
 The door opens.
 The lichen touches you!
 You kill the lichen!
 The door opens.
 "Velkommen, Kwijibo4686!  Welcome to Tsedong's health food store!"
 You stop.  Your kitten is in the way!
 You swap places with your kitten.
 You hear someone counting gold coins.
 Really save? [yn] (n)
 You descend the stairs.
 The kitten misses the lichen.
 The kitten bites the lichen.
 The lichen is killed!
 $ - 2 gold pieces (52 in total).
 You see here a lichen corpse.
 An arrow shoots out at you!
 An arrow misses you.
 You see here a lichen corpse.
 The kitten picks up a blindfold.
 h - a lichen corpse (2 in total).
 You climb up the stairs.
 The kitten drops a blindfold.
 You see here 8 darts.
 You descend the stairs.
 You swap places with your kitten.
 You hear crashing rock.
 You are hit by a dagger.
 A dagger misses you.
 The gnome swings his bow.
 The gnome misses!
 You kill the gnome!
 Welcome to experience level 3.
 You feel stealthy!
 You swap places with your kitten.
 You hit the dwarf!
 You kill the dwarf!
 $ - 10 gold pieces (62 in total).
 You see here a dagger.
 You swap places with your kitten.
 o - a pair of iron shoes.
 What do you want to wear? [io or ?*]
 The gnome is almost hit by a dart!
 The gnome picks up a dart.
 You finish your dressing maneuver.
 What do you want to take off? [ci or ?*]
 What do you want to take off? [ci or ?*]
 Never mind.
 #
 Really quit without saving? [yn] (n)
 Do you want your possessions identified? [ynq] (y)

Inventory:
 Coins    ('$')
  $ - 62 gold pieces
 Weapons  (')')
  b - a +0 dagger (alternate weapon; not wielded)
  a - a blessed +1 spear (weapon in right hand)
 Armor    ('[')
  o - an uncursed +0 pair of iron shoes
  c - an uncursed +3 small shield (being worn)
  i - a cursed -5 banded mail (being worn)
 Comestibles  ('%')
  d - 3 uncursed food rations
  h - 2 uncursed lichen corpses
 Scrolls  ('?')
  g - an uncursed scroll of destroy armor
 Spellbooks  ('+')
  m - an uncursed spellbook of cancellation
  e - an uncursed spellbook of invisibility
 Wands    ('/')
  f - a wand of make invisible (0:3)
  l - a wand of teleportation (0:3)
 Tools    ('(')
  n - a magic marker (0:30)

Kwijibo4686 the Valkyrie's attributes:

Background:
 You were a Skirmisher, a level 3 human Valkyrie.
 You were neutral, nominally on a mission for Odin
 who was opposed by Tyr (lawful) and Loki (chaotic).
 You were right-handed.
 You were in the Gnomish Mines, on level 4.
 You entered the dungeon 1123 turns ago.
 It was nighttime.
 There was a new moon in effect when your adventure ended.
 You had 50 experience points, 30 more were needed to attain level 4.

Basics:
 You had 23 out of 25 hit points.
 You had all 8 energy points (spell power).
 Your armor class was 5.
 Your wallet contained 62 zorkmids.
 Autopickup was on for '$?!/="' plus thrown.

Final Characteristics:
 Your strength was 18/01 (limit:18/100).
 Your dexterity was 16 (limit:18).
 Your constitution was 16 (limit:18).
 Your intelligence was 7 (limit:18).
 Your wisdom was 9 (limit:18).
 Your charisma was 8 (limit:18).

Final Status:
 You weren't hungry.
 You were unencumbered.
 You were wielding a spear.
 You had basic skill with spear.

Final Attributes:
 You were devoutly aligned.
 You were cold resistant.
 You were stealthy.
 You were warded.
 You survived.

Miscellaneous:
 You didn't encounter any bones levels.
 Total elapsed playing time was 7 minutes and 24 seconds.

Major events:
 Turn
    1: Kwijibo4686 the neutral human Valkyrie entered the dungeon
 1094: entered the Gnomish Mines
 1109: attained the rank of Skirmisher (level 3)
 1123: quit

You didn't know any spells.

Skills:
 Fighting Skills
   bare handed combat [Unskilled]
   two weapon combat  [Unskilled]
   riding             [Unskilled]
 Weapon Skills
   dagger             [Basic]
   axe                [Unskilled]
   pick-axe           [Unskilled]
   short sword        [Unskilled]
   broadsword         [Unskilled]
   long sword         [Unskilled]
   two-handed sword   [Unskilled]
   saber              [Unskilled]
   hammer             [Unskilled]
   quarterstaff       [Unskilled]
   polearms           [Unskilled]
   spear              [Basic]
   trident            [Unskilled]
   lance              [Unskilled]
   sling              [Unskilled]
 Spellcasting Skills
   attack spells      [Unskilled]
   escape spells      [Unskilled]

Voluntary challenges:
 Character rerolling was not enabled.
 You were an atheist.
 You never genocided any monsters.
 You never polymorphed an object.
 You never changed form.
 You used no wishes.
Achievements:
 You entered a shop.
 You entered the Gnomish Mines.
 You attained the rank of Skirmisher.

 The Dungeons of Doom: levels 1 to 4
    Level 1:
       An altar, a fountain.
    Level 2: "v"
       An armor shop.
    Level 3:
       A vegetarian food shop, a fountain.
       Stairs down to The Gnomish Mines.
    Level 4:
 The Gnomish Mines:
    Level 4: <- You were here.


Vanquished creatures:
  a dwarf
  a gnome
  5 jackals
  a kobold
  a goblin
  2 grid bugs
  4 lichens
  3 newts
18 creatures vanquished.

No species were genocided or became extinct.

Farvel Kwijibo4686 the Valkyrie...

You quit in The Gnomish Mines on dungeon level 4 with 412 points,
and 62 pieces of gold, after 1123 moves.
You were level 3 with a maximum of 25 hit points when you quit.

